 Dungeon Crawl Stone Soup version 0.28.0-53-g5a82cb258f (webtiles) character file.

Game seed: 16625708390810394083

9 Descartes the Sneak (level 2, 0/15 HPs)
             Began as a Deep Elf Wanderer on July 29, 2022.
             Slain by a jackal (1 damage)
             ... on level 1 of the Dungeon.
             The game lasted 00:01:18 (753 turns).

Descartes the Sneak (Deep Elf Wanderer)              Turns: 753, Time: 00:01:18

Health: 0/15       AC:  2    Str:  8    XL:     2   Next: 6%
Magic:  7/7        EV: 11    Int: 16    God:
Gold:   0          SH:  0    Dex: 15    Spells: 4/5 levels left

rFire   . . .      SeeInvis .   a - +0 dagger
rCold   . . .      Faith    .   (no shield)
rNeg    . . .      Spirit   .   e - +0 robe
rPois   .          Reflect  .   (no helmet)
rElec   .          Harm     .   (no cloak)
rCorr   .          Rampage  .   (no gloves)
Will    .....                   (no boots)
Stlth   +++.......              (no amulet)
HPRegen 0.05/turn               (no ring)
MPRegen 0.10/turn               (no ring)

@: no status effects
A: no striking features
a: no special abilities


You were on level 1 of the Dungeon.
You visited 1 branch of the dungeon, and saw 1 of its levels.

Inventory:

Hand Weapons
 a - a +0 dagger (weapon)
Missiles
 b - an atropa-tipped dart (quivered)
 c - 2 datura-tipped darts
Armour
 e - a +0 robe (worn)
Potions
 d - a potion of lignification


   Skills:
 - Level 1.0 Throwing
 + Level 0.8 Dodging
 + Level 6.1 Stealth
 + Level 2.0 Spellcasting
 + Level 4.2 Hexes


You had 4 spell levels left.
You knew the following spells:

 Your Spells              Type           Power      Damage    Failure   Level
a - Slow                  Hex            60%        N/A       3%          1

Your spell library contained the following spells:

 Spells                   Type           Power      Damage    Failure   Level
 Tukima's Dance           Hex            15%        N/A       11%         3


Dungeon Overview and Level Annotations

Branches:
Dungeon (1/15)

Altars:


Message History

The jackal is moderately wounded.
The jackal bites you but does no damage.
The jackal bites you.
You closely miss the jackal.
The jackal is moderately wounded.
The jackal barely misses you.
You hit the jackal but do no damage.
The jackal is moderately wounded.
The jackal bites you.
You completely miss the jackal.
The jackal is moderately wounded.
The jackal bites you.
* * * LOW HITPOINT WARNING * * *
The jackal barely misses you.
You hit the jackal but do no damage.
The jackal is moderately wounded.
The jackal bites you.
* * * LOW HITPOINT WARNING * * *
Casting: Slow (safe; 3% risk of failure)
Confirm with . or Enter, or press ? or * to list all spells.
Aiming: Slow (safe; 3% risk of failure)
Press: ? - help, Shift-Dir - straight line, f - jackal
Aim: a jackal (moderately wounded, chance to affect: 71%)
The jackal seems to slow down.
The jackal barely misses you.
You hit the jackal but do no damage.
The jackal is moderately wounded.
The jackal closely misses you.
You hit the jackal.
The jackal is lightly wounded.
You hit the jackal.
The jackal is moderately wounded.
The jackal bites you.
* * * LOW HITPOINT WARNING * * *
You hit the jackal but do no damage.
The jackal is moderately wounded.
The jackal closely misses you.
You hit the jackal.
The jackal is severely wounded.
The jackal bites you.
You die...

#.# # #.#####>.
#........ #....##h.
###.##..#.# ####...#
#...# ##....### #..##
#####g.########..#.
#.@hhh## #......#.
.######.######
#.####.#.
.............# #.#
#.#.
######.......####.#
#.#.
#.....>.#....####...
#.........รท........#
#.......#########.##
#.......# #.#
######### #.#


You could see 3 jackals and a goblin.

Vanquished Creatures
  A ball python (D:1)
  3 endoplasms (D:1)
  A goblin (D:1)
  A hobgoblin (D:1)
  A quokka (D:1)
7 creatures vanquished.

Vanquished Creatures (others)
  3 plants (D:1)
3 creatures vanquished.

Grand Total: 10 creatures vanquished

Notes
Turn   | Place    | Note
-------+----------+-------------------------------------------
     0 | D:1      | Descartes the Deep Elf Wanderer began the quest for the
                  | Orb.
     0 | D:1      | Descartes set off with the following items: a +0 dagger, an
                  | atropa-tipped dart, 2 datura-tipped darts, a potion of
                  | lignification, a +0 robe; and the following spell
                  | memorised: Slow; and the following spells available to
                  | memorise: Tukima's Dance
     0 | D:1      | Reached XP level 1. HP: 10/10 MP: 5/5
   508 | D:1      | Reached XP level 2. HP: 6/15 MP: 5/7
   753 | D:1      | Slain by a jackal

Illustrated notes

Levels and vault maps discovered:
D:1:      roderic_crop_circles_arrival_small, layout_rooms,
          kennysheep_decorative_pillar, minmay_misc_feat_more_columns

Skill      XL: |  1 |
---------------+----+-----
Spellcasting   | 2 |  2.0
Throwing       | |  1.0
Dodging        | |  0.8
Stealth        | |  6.1
Hexes          | |  4.2

Action                   || total
-------------------------++-------
Melee: Dagger            ||    44
       Punch             ||     1
 Cast: Slow              ||     3
 Stab: Sleeping          ||     4
Armor: Robe              ||     4
Dodge: Dodged            ||    21
